| TOP OF THE 1ST |
|
Texas (APP) Rangers batting - Pitching for Baltimore (APP) Orioles : LHP Luis Perez
|
|
Pitching: LHP Luis Perez
|
|
|
Batting: LHB Walter Vegter
|
0-0: Called Strike 0-1: Swinging Strike 0-2: Ball 1-2: Ball 2-2: Strikes out swinging
|
|
Batting: RHB David Redman
|
0-0: Foul Ball, location: 2F 0-1: Ball 1-1: Ball 2-1: SINGLE (Line Drive, 9S, EV 100.6 MPH)
|
|
Batting: RHB Robby Adair
|
0-0: Ball 1-0: Grounds into double play, 4-6-3 (Groundball, 4, EV 78.1 MPH)
|
| Top of the 1st over - 0 runs, 1 hit, 0 errors, 0 left on base; Texas (APP) 0 - Baltimore (APP) 0 |
| BOTTOM OF THE 1ST |
|
Baltimore (APP) Orioles batting - Pitching for Texas (APP) Rangers : RHP Tyler Bach
|
|
Pitching: RHP Tyler Bach
|
|
|
Batting: RHB Mike Zepeda
|
0-0: Hit by Pitch
|
|
Batting: RHB Fernando Bravo
|
0-0: Ball 1-0: Ball 2-0: SINGLE (Groundball, 6D, EV 100.6 MPH) Mike Zepeda to second
|
|
Batting: RHB Jeremy Sipe
|
0-0: Called Strike 0-1: Ball 1-1: DOUBLE (Flyball, 8LXD, EV 99.4 MPH) Mike Zepeda scores Fernando Bravo to third
|
|
Batting: LHB Justin Alworth
|
0-0: Ball 1-0: Ball 2-0: Called Strike 2-1: Foul Ball, location: 2F 2-2: Strikes out looking
|
|
Batting: RHB Lee Deason
|
0-0: Fly out, F8 (Flyball, 8LD, EV 87.5 MPH) Runner from 3rd tags up, SCORES, throw by CF
|
|
Batting: LHB Tomas de Zeeuw
|
0-0: Ball 1-0: Ball Wild Pitch! Jeremy Sipe to third 2-0: Called Strike 2-1: Foul Ball, location: 2F 2-2: Foul Ball, location: 2F 2-2: Strikes out looking
|
| Bottom of the 1st over - 2 runs, 2 hits, 0 errors, 1 left on base; Texas (APP) 0 - Baltimore (APP) 2 |
| TOP OF THE 2ND |
|
Texas (APP) Rangers batting - Pitching for Baltimore (APP) Orioles : LHP Luis Perez
|
|
Batting: RHB Ryan Pastore
|
0-0: Ball 1-0: Called Strike 1-1: Ball 2-1: Foul Ball, location: 2F 2-2: Foul Ball, location: 2F 2-2: Strikes out looking
|
|
Batting: RHB Alex Lopez
|
0-0: Called Strike 0-1: Foul Ball, location: 2F 0-2: Ball 1-2: SINGLE (Groundball, 34D, EV 110.0 MPH)
|
|
Batting: RHB Matt Silva
|
0-0: Ball Alex Lopez steals 2nd, throwing error, E2 Alex Lopez to third 1-0: Called Strike 1-1: Ball 2-1: Foul Ball, location: 2F 2-2: Ground out 4-3 (Groundball, 4, EV 85.0 MPH) Alex Lopez scores
|
|
Batting: RHB Rafael Tapia
|
0-0: Ball 1-0: Ball 2-0: Foul Ball, location: 2F 2-1: Called Strike 2-2: DOUBLE (Flyball, 89D, EV 103.1 MPH)
|
|
Batting: LHB Tomoya Hashimoto
|
0-0: Called Strike 0-1: Ball 1-1: Ball 2-1: Called Strike 2-2: Ball 3-2: TRIPLE (Flyball, 7LD, EV 108.8 MPH) Rafael Tapia scores
|
|
Batting: RHB Jay De Angelis
|
0-0: Foul Ball, location: 2F 0-1: Ball 1-1: Ground out 6-3 (Groundball, 6, EV 103.1 MPH)
|
| Top of the 2nd over - 2 runs, 3 hits, 1 error, 1 left on base; Texas (APP) 2 - Baltimore (APP) 2 |
| BOTTOM OF THE 2ND |
|
Baltimore (APP) Orioles batting - Pitching for Texas (APP) Rangers : RHP Tyler Bach
|
|
Batting: RHB Kaleb Yerger
|
0-0: Called Strike 0-1: Ball 1-1: Foul Ball, location: 2F 1-2: Ground out 6-3 (Groundball, 6, EV 86.2 MPH)
|
|
Batting: RHB Ryan Vest
|
0-0: Ball 1-0: Ball 2-0: Ball 3-0: Called Strike 3-1: Foul Ball, location: 2F 3-2: Base on Balls
|
|
Batting: RHB Bobby White
|
0-0: Foul Ball, location: 2F 0-1: Swinging Strike 0-2: Ball Wild Pitch! Ryan Vest to second 1-2: Ground out 5-3 (Groundball, 56S, EV 83.8 MPH)
|
|
Batting: RHB Mike Zepeda
|
0-0: Called Strike 0-1: Foul Ball, location: 2F 0-2: Ball 1-2: Ball 2-2: Ball Wild Pitch! Ryan Vest to third 3-2: Ground out 5-3 (Groundball, 56S, EV 82.5 MPH)
|
| Bottom of the 2nd over - 0 runs, 0 hits, 0 errors, 1 left on base; Texas (APP) 2 - Baltimore (APP) 2 |
| TOP OF THE 3RD |
|
Texas (APP) Rangers batting - Pitching for Baltimore (APP) Orioles : LHP Luis Perez
|
|
Batting: LHB Walter Vegter
|
0-0: Ball 1-0: Called Strike 1-1: Ground out 4-3 (Groundball, 4S, EV 86.9 MPH)
|
|
Batting: RHB David Redman
|
0-0: Swinging Strike 0-1: Ball 1-1: Ball 2-1: Fly out, F3 (Popup, 34, EV 66.2 MPH)
|
|
Batting: RHB Robby Adair
|
0-0: Ball 1-0: Ball 2-0: Called Strike 2-1: DOUBLE (Line Drive, 78XD, EV 108.8 MPH)
|
|
Batting: RHB Ryan Pastore
|
0-0: Called Strike 0-1: Foul Ball, location: 2F 0-2: Ground out 4-3 (Groundball, 4, EV 76.9 MPH)
|
| Top of the 3rd over - 0 runs, 1 hit, 0 errors, 1 left on base; Texas (APP) 2 - Baltimore (APP) 2 |
| BOTTOM OF THE 3RD |
|
Baltimore (APP) Orioles batting - Pitching for Texas (APP) Rangers : RHP Tyler Bach
|
|
Batting: RHB Fernando Bravo
|
0-0: Foul Ball, location: 2F 0-1: Foul Ball, location: 2F 0-2: Foul Ball, location: 2F 0-2: Strikes out swinging
|
|
Batting: RHB Jeremy Sipe
|
0-0: Fly out, F7 (Flyball, 7D, EV 105.0 MPH)
|
|
Batting: LHB Justin Alworth
|
0-0: Called Strike 0-1: Fly out, F7 (Flyball, 78M, EV 89.4 MPH)
|
| Bottom of the 3rd over - 0 runs, 0 hits, 0 errors, 0 left on base; Texas (APP) 2 - Baltimore (APP) 2 |
| TOP OF THE 4TH |
|
Texas (APP) Rangers batting - Pitching for Baltimore (APP) Orioles : LHP Luis Perez
|
|
Batting: RHB Alex Lopez
|
0-0: Ball 1-0: Foul Ball, location: 2F 1-1: Fly out, F8 (Flyball, 8RXD, EV 93.8 MPH)
|
|
Batting: RHB Matt Silva
|
0-0: Called Strike 0-1: Foul Ball, location: 2F 0-2: Fly out, F7 (Flyball, 7S, EV 88.8 MPH)
|
|
Batting: RHB Rafael Tapia
|
0-0: Ball 1-0: Ball 2-0: DOUBLE (Line Drive, 8LXD, EV 105.0 MPH)
|
|
Batting: LHB Tomoya Hashimoto
|
0-0: Ground out U3 (Groundball, 3, EV 82.5 MPH)
|
| Top of the 4th over - 0 runs, 1 hit, 0 errors, 1 left on base; Texas (APP) 2 - Baltimore (APP) 2 |
| BOTTOM OF THE 4TH |
|
Baltimore (APP) Orioles batting - Pitching for Texas (APP) Rangers : RHP Tyler Bach
|
|
Batting: RHB Lee Deason
|
0-0: Foul Ball, location: 2F 0-1: Swinging Strike 0-2: Strikes out swinging
|
|
Batting: LHB Tomas de Zeeuw
|
0-0: SINGLE (Line Drive, 56, EV 101.2 MPH)
|
|
Batting: RHB Kaleb Yerger
|
0-0: Called Strike 0-1: Ball 1-1: Ball 2-1: Fly out, F9 (Flyball, 89XD, EV 88.8 MPH)
|
|
Batting: RHB Ryan Vest
|
0-0: Swinging Strike 0-1: Ball 1-1: Foul Ball, location: 2F 1-2: Foul Ball, location: 2F 1-2: Foul Ball, location: 2F 1-2: Ball Wild Pitch! Tomas de Zeeuw to second 2-2: Foul Ball, location: 2F 2-2: Ball Wild Pitch! Tomas de Zeeuw to third 3-2: Intentional Walk
|
|
Batting: RHB Bobby White
|
0-0: Called Strike 0-1: Swinging Strike 0-2: SINGLE (Groundball, 56D, EV 94.4 MPH) Tomas de Zeeuw scores Ryan Vest to second
|
|
Batting: RHB Mike Zepeda
|
0-0: Ball 1-0: Ball Wild Pitch! Ryan Vest to third Bobby White to second 2-0: Intentional Walk
|
|
Batting: RHB Fernando Bravo
|
0-0: Fielders Choice at 2nd, U4 (Groundball, 4M, EV 101.2 MPH)
|
| Bottom of the 4th over - 1 run, 2 hits, 0 errors, 3 left on base; Texas (APP) 2 - Baltimore (APP) 3 |
| TOP OF THE 5TH |
|
Texas (APP) Rangers batting - Pitching for Baltimore (APP) Orioles : LHP Luis Perez
|
|
Batting: RHB Jay De Angelis
|
0-0: Foul Ball, location: 2F 0-1: Ball 1-1: Ball 2-1: Ball 3-1: Base on Balls
|
|
Batting: LHB Walter Vegter
|
0-0: Ground out U3 (Groundball, 3, EV 83.1 MPH) Jay De Angelis to second
|
|
Batting: RHB David Redman
|
0-0: Called Strike 0-1: Ball 1-1: Foul Ball, location: 2F 1-2: Strikes out looking
|
|
Batting: RHB Robby Adair
|
0-0: Ball 1-0: 2-RUN HOME RUN (Flyball, 89XD, EV 115.6 MPH), Distance : 448 ft
|
|
Batting: RHB Ryan Pastore
|
0-0: SOLO HOME RUN (Line Drive, 9LD, EV 100.0 MPH), Distance : 360 ft
|
|
Pitching: RHP Steve Webb
|
|
|
Batting: RHB Alex Lopez
|
0-0: Ball 1-0: Ground out 6-3 (Groundball, 6, EV 79.4 MPH)
|
| Top of the 5th over - 3 runs, 2 hits, 0 errors, 0 left on base; Texas (APP) 5 - Baltimore (APP) 3 |
| BOTTOM OF THE 5TH |
|
Baltimore (APP) Orioles batting - Pitching for Texas (APP) Rangers : RHP Tyler Bach
|
|
Batting: RHB Jeremy Sipe
|
0-0: Swinging Strike 0-1: Ball 1-1: Called Strike 1-2: Ground out 5-3 (Groundball, 56, EV 81.2 MPH)
|
|
Batting: LHB Justin Alworth
|
0-0: Called Strike 0-1: Ball 1-1: Ground out 3-1 (Groundball, 34, EV 84.4 MPH)
|
|
Batting: RHB Lee Deason
|
0-0: Ball 1-0: DOUBLE (Flyball, 8LXD, EV 93.8 MPH)
|
|
Batting: LHB Tomas de Zeeuw
|
0-0: Foul Ball, location: 2F 0-1: Ball 1-1: Ground out U3 (Groundball, 3, EV 101.2 MPH)
|
| Bottom of the 5th over - 0 runs, 1 hit, 0 errors, 1 left on base; Texas (APP) 5 - Baltimore (APP) 3 |
| TOP OF THE 6TH |
|
Texas (APP) Rangers batting - Pitching for Baltimore (APP) Orioles : RHP Steve Webb
|
|
Batting: RHB Matt Silva
|
0-0: Ball 1-0: Called Strike 1-1: Fly out, F9 (Flyball, 89S, EV 86.9 MPH)
|
|
Batting: RHB Rafael Tapia
|
0-0: Ball 1-0: Ball 2-0: Foul Ball, location: 2F 2-1: Fly out, F9 (Flyball, 9S, EV 90.0 MPH)
|
|
Batting: LHB Tomoya Hashimoto
|
0-0: Called Strike 0-1: Fly out, F8 (Flyball, 8RM, EV 83.8 MPH)
|
| Top of the 6th over - 0 runs, 0 hits, 0 errors, 0 left on base; Texas (APP) 5 - Baltimore (APP) 3 |
| BOTTOM OF THE 6TH |
|
Baltimore (APP) Orioles batting - Pitching for Texas (APP) Rangers : RHP Tyler Bach
|
|
Batting: RHB Kaleb Yerger
|
0-0: Fly out, F9 (Flyball, 89S, EV 85.6 MPH)
|
|
Batting: RHB Ryan Vest
|
0-0: Ball 1-0: Ball 2-0: Ball 3-0: Base on Balls
|
|
Batting: RHB Bobby White
|
0-0: Foul Ball, location: 2F 0-1: Called Strike 0-2: Foul Ball, location: 2F 0-2: Ball 1-2: Foul Ball, location: 2F 1-2: Strikes out looking
|
|
Batting: RHB Mike Zepeda
|
0-0: Ball 1-0: Foul Ball, location: 2F 1-1: Ball 2-1: Foul Ball, location: 2F 2-2: Ball 3-2: Ground out U3 (Groundball, 3L, EV 109.4 MPH)
|
| Bottom of the 6th over - 0 runs, 0 hits, 0 errors, 1 left on base; Texas (APP) 5 - Baltimore (APP) 3 |
| TOP OF THE 7TH |
|
Texas (APP) Rangers batting - Pitching for Baltimore (APP) Orioles : RHP Steve Webb
|
|
Batting: RHB Jay De Angelis
|
0-0: Foul Ball, location: 2F 0-1: Ball 1-1: Ball 2-1: Foul Ball, location: 2F 2-2: Strikes out looking
|
|
Batting: LHB Walter Vegter
|
0-0: Ball 1-0: Ball 2-0: Ball 3-0: Called Strike 3-1: Swinging Strike 3-2: Strikes out looking
|
|
Batting: RHB David Redman
|
0-0: Ball 1-0: Fly out, F8 (Flyball, 8LM, EV 93.8 MPH)
|
| Top of the 7th over - 0 runs, 0 hits, 0 errors, 0 left on base; Texas (APP) 5 - Baltimore (APP) 3 |
| BOTTOM OF THE 7TH |
|
Baltimore (APP) Orioles batting - Pitching for Texas (APP) Rangers : RHP Tyler Bach
|
|
Now in LF: Jordan Llanes
|
|
|
Batting: RHB Fernando Bravo
|
0-0: Swinging Strike 0-1: Ground out 1-3 (Groundball, 25, EV 65.6 MPH)
|
|
Batting: RHB Jeremy Sipe
|
0-0: Ground out 6-3 (Groundball, 6, EV 84.4 MPH)
|
|
Pitching: LHP Andy Huguet
|
|
|
Batting: LHB Justin Alworth
|
0-0: Called Strike 0-1: Ball 1-1: DOUBLE (Line Drive, 89XD, EV 108.1 MPH)
|
|
Pitching: LHP Chris Vachon
|
|
|
Batting: RHB Lee Deason
|
0-0: Swinging Strike 0-1: Called Strike 0-2: Ball 1-2: Foul Ball, location: 2F 1-2: Ball 2-2: Ball 3-2: Foul Ball, location: 2F 3-2: SINGLE (Line Drive, 7S, EV 103.8 MPH) Justin Alworth to third
|
|
Pinch Hitting: RHB Alex Valencia
|
0-0: Called Strike Lee Deason steals 2nd base 0-1: Ground out 4-3 (Groundball, 4M, EV 90.6 MPH)
|
| Bottom of the 7th over - 0 runs, 2 hits, 0 errors, 2 left on base; Texas (APP) 5 - Baltimore (APP) 3 |
| TOP OF THE 8TH |
|
Texas (APP) Rangers batting - Pitching for Baltimore (APP) Orioles : RHP Steve Webb
|
|
Now in RF: Matt Foster
|
|
|
Batting: RHB Robby Adair
|
0-0: Called Strike 0-1: Ground out 4-3 (Groundball, 4, EV 80.6 MPH)
|
|
Batting: RHB Ryan Pastore
|
0-0: Fly out, F8 (Flyball, 8LS, EV 85.0 MPH)
|
|
Batting: RHB Alex Lopez
|
0-0: Ground out 5-3 (Groundball, 5S, EV 60.0 MPH)
|
| Top of the 8th over - 0 runs, 0 hits, 0 errors, 0 left on base; Texas (APP) 5 - Baltimore (APP) 3 |
| BOTTOM OF THE 8TH |
|
Baltimore (APP) Orioles batting - Pitching for Texas (APP) Rangers : LHP Chris Vachon
|
|
Pitching: RHP Tim Laverty
|
|
|
Batting: RHB Kaleb Yerger
|
0-0: Ball 1-0: Foul Ball, location: 2F 1-1: Ball 2-1: Fly out, F9 (Flyball, 9D, EV 96.9 MPH)
|
|
Batting: RHB Ryan Vest
|
0-0: Ball 1-0: Called Strike 1-1: Foul Ball, location: 2F 1-2: Ball 2-2: Strikes out swinging
|
|
Batting: RHB Bobby White
|
0-0: Called Strike 0-1: Ball 1-1: Foul Ball, location: 2F 1-2: Ball 2-2: Strikes out looking
|
| Bottom of the 8th over - 0 runs, 0 hits, 0 errors, 0 left on base; Texas (APP) 5 - Baltimore (APP) 3 |
| TOP OF THE 9TH |
|
Texas (APP) Rangers batting - Pitching for Baltimore (APP) Orioles : RHP Steve Webb
|
|
Batting: RHB Matt Silva
|
0-0: Foul Ball, location: 2F 0-1: Ball 1-1: Foul Ball, location: 2F 1-2: Ground out 5-3 (Groundball, 56S, EV 88.1 MPH)
|
|
Batting: RHB Rafael Tapia
|
0-0: Foul Ball, location: 2F 0-1: Swinging Strike 0-2: Strikes out swinging
|
|
Batting: LHB Tomoya Hashimoto
|
0-0: Ball 1-0: Swinging Strike 1-1: Ground out U3 (Groundball, 3, EV 103.8 MPH)
|
| Top of the 9th over - 0 runs, 0 hits, 0 errors, 0 left on base; Texas (APP) 5 - Baltimore (APP) 3 |
| BOTTOM OF THE 9TH |
|
Baltimore (APP) Orioles batting - Pitching for Texas (APP) Rangers : RHP Tim Laverty
|
|
Pitching: RHP Mike Warren
|
|
|
Batting: RHB Mike Zepeda
|
0-0: Called Strike 0-1: Ground out 6-3 (Groundball, 6, EV 110.0 MPH)
|
|
Batting: RHB Fernando Bravo
|
0-0: Called Strike 0-1: Ball 1-1: Ball 2-1: Ball 3-1: Ground out 5-3 (Groundball, 56S, EV 60.6 MPH)
|
|
Batting: RHB Jeremy Sipe
|
0-0: Ball 1-0: Ball 2-0: Ball 3-0: Called Strike 3-1: Foul Ball, location: 2F 3-2: Foul Ball, location: 2F 3-2: DOUBLE (Line Drive, 78M, EV 92.5 MPH)
|
|
Batting: LHB Justin Alworth
|
0-0: SINGLE (Groundball, 56S, EV 68.1 MPH) (infield hit) Jeremy Sipe to third
|
|
Batting: RHB Lee Deason
|
0-0: Ball 1-0: Ground out 6-3 (Groundball, 6D, EV 103.8 MPH)
|
| Bottom of the 9th over - 0 runs, 2 hits, 0 errors, 2 left on base; Texas (APP) 5 - Baltimore (APP) 3 |
|